 Dungeon Crawl Stone Soup version 0.23.2-1-ga50397a (webtiles) character file.

Game seed: 8297749213145787446

4039 MalarOregon the Spear-Bearer (level 10, -2/80 HPs)
             Began as a Merfolk Gladiator on May 20, 2019.
             Was a Follower of Nemelex Xobeh.
             Slain by a demonic crawler (10 damage)
             ... on level 8 of the Dungeon.
             The game lasted 00:23:30 (9428 turns).

MalarOregon the Spear-Bearer (Merfolk Gladiator)    Turns: 9428, Time: 00:23:31

Health: -2/80      AC:  7    Str: 19    XL:     10   Next: 24%
Magic:  12/12      EV: 19    Int: 11    God:    Nemelex Xobeh [*.....]
Gold:   320        SH:  0    Dex: 16    Spells: 9/9 levels left

rFire    + . .     SeeInvis .   a - +1 trident
rCold    . . .     Gourm    +   (no shield)
rNeg     . . .     Faith    .   b - +0 leather armour
rPois    .         Spirit   .   A - +2 helmet
rElec    .         Reflect  .   (no cloak)
rCorr    .         Harm     .   m - +0 pair of gloves
MR       .....                  (no boots)
Stlth    +.........             v - amulet of the gourmand
HPRegen  0.23/turn              i - ring of protection from fire
MPRegen  0.13/turn              (no ring)

@: mighty, very slightly contaminated, invisible
A: change form in water, swift swim, stealthy swim
a: Draw Escape, Draw Destruction, Draw Summoning, Renounce Religion


You were on level 8 of the Dungeon.
You worshipped Nemelex Xobeh.
Nemelex Xobeh was aware of your devotion.
You were completely stuffed.

You visited 2 branches of the dungeon, and saw 9 of its levels.

You collected 320 gold pieces.

Inventory:

Hand Weapons
 a - a +1 trident (weapon)
Missiles
 l - 253 stones
 s - 6 tomahawks (quivered)
 C - 4 throwing nets {!f}
Armour
 b - a +0 leather armour (worn)
 m - a +0 pair of gloves (worn)
   (You found it on level 4 of the Dungeon)
 A - a +2 helmet (worn)
   (You found it on level 5 of the Dungeon)
Jewellery
 i - a ring of protection from fire (left hand)
   (You found it on level 4 of the Dungeon)
 v - an amulet of the gourmand (around neck)
   (You found it on level 3 of the Dungeon)
 E - an uncursed amulet of magic regeneration {unknown}
   (You found it on level 8 of the Dungeon)
Wands
 d - a wand of iceblast (2)
   (You found it on level 6 of the Dungeon)
 u - a wand of paralysis (2)
   (You found it on level 4 of the Dungeon)
 x - a wand of acid (6)
   (You found it on level 5 of the Dungeon)
 y - a wand of enslavement (9)
   (You found it on level 5 of the Dungeon)
 D - a wand of polymorph (3)
   (You took it off Joseph on level 7 of the Dungeon)
Scrolls
 g - 4 scrolls of teleportation {@r4}
 h - 5 scrolls of remove curse {@r2}
 j - 2 scrolls of immolation {!r}
 p - a scroll of amnesia
 t - 4 scrolls of identify {@r1}
 B - a scroll of fog
Potions
 k - a potion of resistance
 n - 2 potions of cancellation
 o - a potion of invisibility
 r - 2 potions of brilliance
 w - a potion of mutation {unknown}
Comestibles
 e - 10 rations {!d}


   Skills:
 + Level 7.8 Fighting
 + Level 10.5 Polearms
 + Level 7.1 Throwing
 + Level 9.8 Dodging
 + Level 3.4 Invocations
 + Level 3.2 Evocations


You had 9 spell levels left.
You didn't know any spells.
Your spell library was empty.

Dungeon Overview and Level Annotations

Branches:
Dungeon (8/15)             Temple (1/1) D:4
   Lair: D:8-11

Altars:
Ashenzari
Cheibriados
Dithmenos
Elyvilon
Fedhas
Gozag
Hepliaklqana
Kikubaaqudgha
Nemelex Xobeh
Okawaru
Qazlal
Ru
Trog
Uskayaw
Vehumet
Xom
Yredelemnul
Zin

Shops:
D:5 %


Message History

The demonic crawler hits you but does no damage.
The demonic crawler misses you.
You are very lightly contaminated with residual magic.
You feel very mighty all of a sudden. The demonic crawler closely misses you.
The demonic crawler misses you.
The demonic crawler hits you but does no damage.
The demonic crawler hits you!
* * * LOW HITPOINT WARNING * * *
The demonic crawler barely misses you. The demonic crawler closely misses you.
You feel much better. The demonic crawler hits you!
* * * LOW HITPOINT WARNING * * *
The demonic crawler hits you.
* * * LOW HITPOINT WARNING * * *
The demonic crawler misses you.
Okay, then.
Unknown command.
You hit the demonic crawler but do no damage.
The demonic crawler misses you.
The demonic crawler completely misses you.
The demonic crawler hits you but does no damage.
You puncture the demonic crawler!
The demonic crawler closely misses you. x2
The demonic crawler hits you but does no damage.
You completely miss the demonic crawler.
The demonic crawler completely misses you.
The demonic crawler misses you. The demonic crawler barely misses you.
You hit the demonic crawler. The demonic crawler closely misses you.
The demonic crawler misses you. The demonic crawler barely misses you.
You barely miss the demonic crawler. The demonic crawler misses you.
The demonic crawler closely misses you. The demonic crawler misses you.
You hit the demonic crawler. The demonic crawler closely misses you.
The demonic crawler misses you. The demonic crawler closely misses you.
You barely miss the demonic crawler. The demonic crawler barely misses you.
The demonic crawler hits you.
* * * LOW HITPOINT WARNING * * *
The demonic crawler misses you.
You barely miss the demonic crawler.
The demonic crawler completely misses you. x2
The demonic crawler hits you!
* * * LOW HITPOINT WARNING * * *
You feel better.
The demonic crawler hits you but does no damage.
The demonic crawler hits you.
* * * LOW HITPOINT WARNING * * *
The demonic crawler hits you.
* * * LOW HITPOINT WARNING * * *
You barely miss the demonic crawler. The demonic crawler hits you.
* * * LOW HITPOINT WARNING * * *
The demonic crawler misses you. The demonic crawler hits you!
You die...
Your body disappears without a glow.

.#####.# ##.....####### #
#.## #.......#[...#
#####..#####.......#....#
.............._..........#
.######............##....#
##..###............#
§≈§≈.≈≈§≈≈......#####
####+####≈.........##
##.@........#
#.s.........#
#...........#
#.<.........#
#<..........#
#...........#
.......<...##
#..........## ############


You could see a demonic crawler.

Vanquished Creatures
  Pikel (D:6)
  Grinder (D:4)
  An orc warrior (D:7)
  A sky beast (D:6)
  2 black bears (D:7)
  An ogre (D:7)
  2 ice beasts
  2 phantoms
  A centaur (D:5)
  Blork the orc (D:5)
  4 bullfrogs
  A wyvern zombie (D:7)
  9 killer bees (D:7)
  2 crimson imps (D:7)
  2 bullfrog zombies
  3 hounds
  3 orc priests
  2 iguanas
  7 orc wizards
  6 worker ants
  A hound skeleton (D:8)
  A worker ant zombie (D:5)
  Robin (D:3)
  3 gnolls (D:7)
  A howler monkey skeleton (D:6)
  11 adders
  3 shadow imps (D:6)
  2 oozes (D:4)
  An adder skeleton (D:6)
  2 worms
  3 dart slugs
  3 leopard geckos
  24 orcs
  11 giant cockroaches
  18 goblins
  12 hobgoblins
  10 jackals
  6 kobolds
  4 quokkas
  6 bats
  9 frilled lizards
  A jackal skeleton (D:6)
  A jackal zombie (D:5)
  A quokka skeleton (D:7)
  A quokka zombie (D:6)
  7 rats
195 creatures vanquished.

Vanquished Creatures (collateral kills)
  A death yak (D:7)
  Joseph (D:7)
2 creatures vanquished.

Vanquished Creatures (others)
  A worker ant (D:6)
1 creature vanquished.

Grand Total: 198 creatures vanquished

Notes
Turn   | Place    | Note
-------+----------+-------------------------------------------
     0 | D:1      | MalarOregon the Merfolk Gladiator began the quest for the
                  | Orb.
     0 | D:1      | Reached XP level 1. HP: 16/16 MP: 1/1
   101 | D:1      | Reached XP level 2. HP: 21/23 MP: 2/2
   411 | D:1      | Reached XP level 3. HP: 28/28 MP: 3/3
   749 | D:1      | Reached skill level 5 in Polearms
   951 | D:2      | Reached XP level 4. HP: 24/34 MP: 4/4
  1770 | D:3      | Noticed an air elemental
  1771 | D:3      | Found a stormy altar of Qazlal.
  1791 | D:3      | Reached skill level 5 in Dodging
  1791 | D:3      | Reached XP level 5. HP: 28/41 MP: 5/5
  1801 | D:3      | Noticed a fire elemental
  1801 | D:3      | Noticed a water elemental
  2165 | D:3      | Found a shimmering altar of Xom.
  2321 | D:3      | Noticed Robin
  2354 | D:3      | Killed Robin
  2914 | D:4      | Reached skill level 6 in Polearms
  2959 | D:4      | Reached XP level 6. HP: 15/48 MP: 6/6
  3226 | D:5      | Entered Level 5 of the Dungeon
  3226 | D:5      | Noticed a phantom
  3313 | D:5      | Killed a phantom
  3599 | D:5      | Found a sparkling altar of Nemelex Xobeh.
  3905 | D:5      | Reached XP level 7. HP: 34/55 MP: 7/7
  4248 | D:4      | Found a staircase to the Ecumenical Temple.
  4263 | D:4      | Noticed Grinder
  4266 | Temple   | Entered the Ecumenical Temple
  4412 | D:4      | Killed Grinder
  4412 | D:4      | Reached skill level 7 in Polearms
  4842 | D:5      | Reached skill level 5 in Fighting
  5333 | D:5      | Found Ulyuff's Food Emporium.
  5342 | D:5      | Reached XP level 8. HP: 61/62 MP: 8/8
  5478 | D:5      | Noticed Blork the orc
  5485 | D:5      | Killed Blork the orc
  5591 | D:5      | Became a worshipper of Nemelex Xobeh the Trickster
  5630 | D:5      | Reached skill level 8 in Polearms
  5717 | D:5      | Received a gift from Nemelex Xobeh
  5963 | D:6      | Reached skill level 5 in Throwing
  6088 | D:6      | Found a basalt altar of Yredelemnul.
  6136 | D:6      | Found a snail-covered altar of Cheibriados.
  6612 | D:6      | Noticed Pikel
  6656 | D:6      | Killed Pikel
  6656 | D:6      | Reached skill level 9 in Polearms
  6656 | D:6      | Reached XP level 9. HP: 54/71 MP: 9/9
  6678 | D:6      | Found a shadowy altar of Dithmenos.
  6845 | D:6      | Received a gift from Nemelex Xobeh
  6846 | D:6      | Reached * piety under Nemelex Xobeh
  7423 | D:7      | Reached skill level 1 in Invocations
  7434 | D:7      | Reached skill level 1 in Evocations
  7990 | D:7      | Noticed Joseph
  8007 | D:7      | Killed Joseph
  8007 | D:7      | Reached skill level 10 in Polearms
  8217 | D:7      | Found a shattered altar of Ashenzari.
  8273 | D:7      | Received a gift from Nemelex Xobeh
  8543 | D:7      | Found a bloodstained altar of Trog.
  8553 | D:7      | Reached XP level 10. HP: 75/79 MP: 12/12
  9121 | D:8      | Found a hide-covered altar of Uskayaw.
  9179 | D:8      | Noticed a death yak
  9221 | D:7      | Killed a death yak
  9428 | D:8      | Slain by a demonic crawler

Skill      XL: |  1  2  3  4  5  6  7  8  9 10 |
---------------+-------------------------------+-----
Polearms       | 5 6 7 9 10 | 10.5
Fighting       | 3 4 5 6 7 |  7.8
Dodging        | 5 6 7 8 9 |  9.8
Throwing       | 3 4 6 7 |  7.1
Invocations    | 2 3 |  3.4
Evocations     | 2 3 |  3.2

Action                   |  1- 3 |  4- 6 |  7- 9 | 10-12 || total
-------------------------+-------+-------+-------+-------++-------
Melee: Trident           |   110 |   295 |   439 |    46 ||   890
       Tailslap          |       |     9 |     6 |       ||    15
Throw: Stone             |    38 |    87 |    12 |       ||   137
       Throwing net      |       |       |     2 |       ||     2
       Tomahawk          |       |       |    24 |     4 ||    28
 Abil: Draw Summoning    |       |       |     1 |     2 ||     3
       Draw Destruction  |       |       |       |     8 ||     8
       Draw Escape       |       |       |       |     1 ||     1
Evoke: Wand              |       |       |     9 |     3 ||    12
  Use: Scroll            |       |    14 |     2 |       ||    16
       Potion            |       |     2 |     1 |     5 ||     8
 Stab: Sleeping          |       |       |     2 |       ||     2
       Held in net/web   |       |       |     1 |       ||     1
       Paralysed         |       |       |    13 |     3 ||    16
  Eat: Chunk             |       |    10 |    25 |     2 ||    37
Armor: Leather armour    |    15 |    51 |    60 |    18 ||   144
Dodge: Dodged            |    70 |   206 |   322 |    79 ||   677
